 Seeded DCSS version 0.29-a0-360-g8ed1089bbe (webtiles) character file.

Game seed: 3202661867537766148 (custom seed)

1068 zeratav the Archer (level 8, -5/44 HPs)
             Began as a Tengu Hunter on Apr 28, 2022.
             Killed by divine providence
             ... invoked by an orc priest
              (16 damage)
             ... on level 6 of the Dungeon.
             The game lasted 00:09:13 (4837 turns).

zeratav the Archer (Tengu Hunter)                   Turns: 4837, Time: 00:09:14

Health: -5/44      AC:  4    Str: 11    XL:     8   Next: 28%
Magic:  9/9        EV: 14    Int: 10    God:
Gold:   197        SH:  0    Dex: 20    Spells: 7/7 levels left

rFire   . . .      SeeInvis .   f - +7 longbow (freeze) {bow}
rCold   . . .      Faith    .   (shield currently unavailable)
rNeg    . . .      Spirit   .   b - +0 leather armour
rPois   .          Reflect  .   (helmet restricted)
rElec   .          Harm     .   u - +0 cloak
rCorr   .          Rampage  .   (no gloves)
Will    .....                   (boots unavailable)
Stlth   ++........              (no amulet)
HPRegen 0.14/turn               (no ring)
MPRegen 0.11/turn               (no ring)

@: flying quickly and evasively, quick
A: beak, talons 3, nimble flight
a: no special abilities


You were on level 6 of the Dungeon.
You visited 2 branches of the dungeon, and saw 7 of its levels.

You collected 197 gold pieces.


Innate Abilities, Weirdness & Mutations

You have a beak for a mouth.
You have claws for feet.
Your magical nature lets you fly swiftly and evasively.


   Skills:
 - Level 2.0 Fighting
 + Level 11.2 Bows
 - Level 2.1 Dodging
 - Level 1.0 Stealth


You had 7 spell levels left.
You didn't know any spells.
Your spell library contained the following spells:

 Spells                   Type           Power      Damage    Failure   Level
 Animate Skeleton         Necr           0%         N/A       45%         1
 Apportation              Tloc           0%         N/A       45%         1
 Summon Small Mammal      Summ           0%         N/A       45%         1
 Gell's Gravitas          Tloc           0%         N/A       83%         3
 Summon Guardian Golem    Hex/Summ       0%         N/A       83%         3
 Teleport Other           Tloc           0%         N/A       83%         3
 Dispersal                Tloc           0%         N/A       100%        6
 Orb of Destruction       Conj           0%         9d5       100%        7
 Spellforged Servitor     Conj/Summ      0%         N/A       100%        7

Inventory:

Hand Weapons
 a - a +1 shortbow {bow}
 f - a +7 longbow of freezing (weapon) {bow}
   (You acquired it on level 1 of the Dungeon)
Armour
 b - a +0 leather armour (worn)
 j - a +0 leather armour
   (You took it off an orc on level 5 of the Dungeon)
 q - a +0 ring mail
   (You found it on level 5 of the Dungeon)
 u - a +0 cloak (worn)
   (You found it on level 3 of the Dungeon)
 x - a +0 leather armour
   (You found it on level 5 of the Dungeon)
 A - a +0 robe
   (You took it off a gnoll shaman on level 5 of the Dungeon)
 B - a +0 ring mail
   (You found it on level 6 of the Dungeon)
Jewellery
 n - an amulet of faith {!P}
   (You took it off a goblin on level 4 of the Dungeon)
Wands
 s - a wand of polymorph (11)
   (You found it on level 4 of the Dungeon)
 w - a wand of iceblast (18)
   (You found it on level 4 of the Dungeon)
Scrolls
 c - 4 scrolls of identify {@r1}
 e - 2 scrolls of teleportation {@r4}
 i - 3 scrolls of fear {unknown}
 l - 3 scrolls of magic mapping {unknown}
 o - a scroll of enchant armour {unknown}
 p - 3 scrolls of amnesia {unknown}
 y - a scroll of blinking {unknown}
Potions
 d - a potion of berserk rage {unknown}
 g - 4 potions of might
 h - 2 potions of brilliance {unknown}
 k - 2 potions of curing {unknown}
 m - a potion of haste {unknown}
 r - 3 potions of resistance
 t - a potion of invisibility {unknown}
 v - a potion of flight {unknown}
 z - 2 potions of magic {unknown}

Dungeon Overview and Level Annotations

Branches:
Dungeon (6/15)             Temple (1/1) D:4

Altars:
Cheibriados
Elyvilon
Hepliaklqana
Kikubaaqudgha
Makhleb
Okawaru
Qazlal
Ru
Trog
Uskayaw
Xom
Zin
Beogh

Annotations:
D:4 3 runed translucent doors, Iusername's ghost, amateur MiFi

#########
#........
#######........
..l..)o).......
###o.......
#####.'@.......
#..............
#.##.#..#......
#.#.##..#####..
#.##.#.## .
#.#.##..#####..
##..............
#..............
#..............


You could see an orc priest and an orc wizard.


Message History

You shoot an arrow. The arrow barely misses the necrophage.
The necrophage closely misses you.
HP[+1]
You shoot an arrow. The arrow hits the necrophage!
You destroy the necrophage!
Your life force feels restored.
You have reached level 8!
You feel agile.
HP[+3] MP[+1]
You now have 44 max hp (+5).
You regained 3 hp, and now have 40/44 hp.
Your mp is fully restored (9).
An ogre comes into view. It is wielding a +0 giant club.
HP[+2]
You regained 2 hp, and now have 42/44 hp.
An ogre is nearby!
You shoot an arrow. The arrow closely misses the ogre.
You shoot an arrow. The arrow hits the ogre!!
The arrow freezes the ogre.
You kill the ogre!
No target in view!
No target in view!
You see here a +0 giant club {mace}.
Done exploring.
HP[+2]
Your hp is fully restored (44).
Done exploring.
(D) Dungeon (T) Temple
Where to? (Enter - D:5, ? - help)
There is a stone staircase leading down here.
You fly downwards.
There is a stone staircase leading up here.
No target in view!
B - a +0 ring mail
There is a stone staircase leading up here.
i - 3 scrolls labelled SESOAD LEXON (gained 1)
An ufetubus comes into view.
The ufetubus shouts!
The ufetubus moves out of view.
You shoot an arrow. The arrow hits the ufetubus!
You kill the ufetubus!
Your Bows skill increases to level 11!
No target in view!
No target in view!
You reach down and open the door.
An orc warrior and an orc come into view.
The orc shouts!
The orc warrior shouts!
You hear a shout!
An orc wizard comes into view. It is wielding a +0 dagger.
You shoot an arrow. The arrow hits the orc!!
The arrow freezes the orc.
You kill the orc!
An orc priest comes into view.
It is wielding a +0 falchion of holy wrath.
You shoot an arrow. The orc priest shouts!
The arrow hits the orc warrior.
The arrow freezes the orc warrior.
You shoot an arrow. The arrow hits the orc warrior.
The arrow freezes the orc warrior.
You shoot an arrow.
The arrow hits the orc warrior but does no damage.
The orc warrior hits you with a +0 scimitar!
The orc warrior completely misses you.
HP[-13]
You take 13 damage, and now have 31/44 hp.
MASSIVE DAMAGE!! (PAUSE)
You are too injured to fight recklessly!
You are too injured to fight recklessly!
You are too injured to fight recklessly!
Shoot: f) +7 longbow (freeze) {bow}
Press: ? - help, Shift-Dir - straight line, f/p - orc warrior
Aim: an orc warrior, wielding a +0 scimitar and wearing a +0 chain mail (moderately wounded, 70% to hit)
You shoot an arrow. The arrow hits the orc warrior!
The arrow freezes the orc warrior.
Shoot: f) +7 longbow (freeze) {bow}
Press: ? - help, Shift-Dir - straight line, f/p - orc warrior
Aim: an orc warrior, wielding a +0 scimitar and wearing a +0 chain mail (almost dead, 70% to hit)
You shoot an arrow.
The arrow completely misses the orc warrior.
The orc priest looks braver for a moment.
The orc warrior hits you with a +0 scimitar!
An iguana comes into view.
HP[-8]
You take 8 damage, and now have 23/44 hp.
Shoot: f) +7 longbow (freeze) {bow}
Press: ? - help, Shift-Dir - straight line, f/p - orc warrior
Aim: an orc warrior, wielding a +0 scimitar and wearing a +0 chain mail (almost dead, 70% to hit)
You shoot an arrow. The arrow hits the orc warrior!
The arrow freezes the orc warrior.
You kill the orc warrior!
The orc wizard hits you but does no damage.
The orc priest calls down the wrath of Beogh upon you.
Beogh smites you!
* * * LOW HITPOINT WARNING * * *
The orc wizard hits you with a +0 dagger.
* * * LOW HITPOINT WARNING * * *
HP[-13]
You take 13 damage, and now have 10/44 hp.
MASSIVE DAMAGE!! (PAUSE) HP[+1]
You reach down and open the door.
The orc priest mumbles some strange prayers to Beogh against you.
Beogh smites you!
You die...

Skill      XL: |  1  2  3  4  5  6  7  8 |
---------------+-------------------------+-----
Bows           | 5 6 7 8 10 11 | 11.2
Fighting       | |  2.0
Dodging        | |  2.1
Stealth        | |  1.0

Action                   |  1- 3 |  4- 6 |  7- 9 || total
-------------------------+-------+-------+-------++-------
 Fire: Longbow           |    53 |    61 |    71 ||   185
       Shortbow          |     5 |       |       ||     5
  Use: Scroll            |     1 |     7 |       ||     8
Armor: Leather armour    |    11 |    13 |     5 ||    29
Dodge: Dodged            |    11 |    33 |    12 ||    56

Levels and vault maps discovered:
D:1:      minmay_arrival_jagged, layout_basic, minmay_tetromino_i2
D:2:      layout_basic, basic_altar, uniq_robin
D:3:      layout_rooms, led_xom_imps, nicolae_kikubaaqudgha_miasma_corner,
          hellmonk_ecumenical_altar_inner_sanctum, kennysheep_nub, uniq_sigmund
D:4:      layout_loops_cross, temple_statues, biasface_ghost_orc_armoury,
          minmay_bisected
D:5:      layout_basic, grunt_ministairs_14, serial_bayou_lagoon_a,
          serial_bayou_ford_a
D:6:      layout_basic, overflow_temple_1_default, minmay_misc_feat_tiny,
          hangedman_decor_lopped, uniq_menkaure
Temple:   grunt_temple_mini_profane

Notes
Turn   | Place    | Note
-------+----------+-------------------------------------------
     0 | D:1      | zeratav the Tengu Hunter began the quest for the Orb.
     0 | D:1      | Reached XP level 1. HP: 12/12 MP: 2/2
     0 | D:1      | magus.rc [v1.9.6]
    99 | D:1      | Identified a scroll of acquirement
    99 | D:1      | Acquired a +6 longbow of freezing
   112 | D:1      | Reached XP level 2. HP: 17/17 MP: 3/3
   317 | D:1      | Reached skill level 5 in Bows
   576 | D:1      | You add the spells Gell's Gravitas, Teleport Other and
                  | Dispersal to your library.
   590 | D:1      | Reached XP level 3. HP: 21/21 MP: 4/4
  1344 | D:2      | Found a burning altar of Makhleb.
  1508 | D:2      | Reached skill level 6 in Bows
  1558 | D:2      | Reached XP level 4. HP: 26/26 MP: 5/5
  1607 | D:2      | Noticed Robin
  1610 | D:2      | Killed Robin
  2215 | D:3      | Gained mutation: Your magical nature lets you fly swiftly
                  | and evasively. [Tengu growth]
  2215 | D:3      | Reached XP level 5. HP: 30/30 MP: 6/6
  2347 | D:3      | Found a shimmering altar of Xom.
  2355 | D:3      | Reached skill level 7 in Bows
  2364 | D:3      | HP: 6/30 [crimson imp (4)]
  2368 | D:3      | Reached XP level 6. HP: 8/35 MP: 7/7
  2370 | D:3      | Reached skill level 8 in Bows
  2730 | D:3      | Found a faded altar of an unknown god.
  2731 | D:3      | Noticed Sigmund
  2960 | D:3      | Killed Sigmund
  2995 | D:3      | Reached XP level 7. HP: 34/40 MP: 8/8
  3093 | D:3      | Found an ancient bone altar of Kikubaaqudgha.
  3321 | D:4      | Found a staircase to the Ecumenical Temple.
  3331 | Temple   | Entered the Ecumenical Temple
  3708 | D:4      | You pick up a book of Cantrips and begin reading...
  3708 | D:4      | You add the spells Animate Skeleton, Summon Small Mammal
                  | and Apportation to your library.
  3719 | D:4      | Reached skill level 9 in Bows
  4006 | D:4      | You pick up a book of Dangerous Friends and begin
                  | reading...
  4006 | D:4      | You add the spells Summon Guardian Golem, Orb of
                  | Destruction and Spellforged Servitor to your library.
  4111 | D:4      | Found a runed translucent gate.
  4111 | D:4      | Found a runed translucent gate.
  4112 | D:4      | Found a runed translucent gate.
  4112 | D:4      | Noticed Iusername's ghost (amateur MiFi)
  4114 | D:4      | Identified the +0 leather armour "Ner Top" {Stlth+}
  4165 | D:5      | Entered Level 5 of the Dungeon
  4235 | D:5      | Reached skill level 10 in Bows
  4637 | D:5      | Reached XP level 8. HP: 40/44 MP: 9/9
  4809 | D:6      | Reached skill level 11 in Bows
  4835 | D:6      | HP: 10/44 [orc wizard/+0 dagger (2)]
  4837 | D:6      | Killed from afar by an orc priest

Vanquished Creatures
  Sigmund (D:3)
  A black bear (D:5)
  An orc warrior (D:6)
  2 ogres
  A necrophage (D:5)
  A howler monkey (D:5)
  A jelly (D:5)
  4 crimson imps (D:3)
  A hound (D:5)
  A gnoll shaman (D:5)
  Robin (D:2)
  3 gnolls (D:5)
  7 adders
  A shadow imp (D:5)
  An ufetubus (D:6)
  3 dart slugs
  10 orcs
  5 endoplasms
  4 giant cockroaches
  19 goblins
  7 hobgoblins
  5 jackals
  5 kobolds
  5 quokkas
  6 ball pythons
  5 bats
  2 frilled lizards
  6 rats
109 creatures vanquished.

Vanquished Creatures (others)
  12 plants (D:5)
12 creatures vanquished.

Grand Total: 121 creatures vanquished

Table legend:
 A = Non-vault XP
 B = Vault XP
 C = Vault XP percentage of total XP
 D = Non-vault monster count
 E = Vault monster count
 F = Vault count percentage of total count
                 A         B        C        D         E       F
            +---------+---------+-------+---------+---------+-------
      Total |     907 |     619 |  40.6 |      87 |      22 |  20.2
            +---------+---------+-------+---------+---------+-------
        D:1 |      44 |       2 |   4.3 |      24 |       2 |   7.7
        D:2 |      69 |      35 |  33.7 |      22 |      11 |  33.3
        D:3 |      47 |     421 |  90.0 |      14 |       5 |  26.3
        D:4 |     149 |      17 |  10.2 |      10 |       2 |  16.7
        D:5 |     457 |     144 |  24.0 |      14 |       2 |  12.5
        D:6 |     141 |       0 |   0.0 |       3 |       0 |   0.0
            +---------+---------+-------+---------+---------+-------

Illustrated notes

Table legend:
 A = Kills in this place as a percentage of kills in entire the game.
 B = Kills by you in this place as a percentage of kills by you in the entire game.
 C = Kills by friends in this place as a percentage of kills by friends in the entire game.
 D = Other kills in this place as a percentage of other kills in the entire game.
 E = Experience gained in this place as a percentage of experience gained in the entire game.
 F = Experience gained in this place divided by the number of levels of this place that you have seen.
                   A       B       C       D       E      F
               +-------+-------+-------+-------+-------+----------------------
         Total | 100.0 | 100.0 |   N/A |   N/A | 100.0 | 218.0
       Dungeon | 100.0 | 100.0 |   N/A |   N/A | 100.0 | 254.3
               +-------+-------+-------+-------+-------+----------------------

Table legend: (Time is in decaauts)
 A = Elapsed time spent in this place.
 B = Non-inter-level travel time spent in this place.
 C = Inter-level travel time spent in this place.
 D = Time resting spent in this place.
 E = Time spent auto-exploring this place.
 F = Levels seen in this place.
 G = Mean time per level.
                   A        B        C        D        E       F      G
               +--------+--------+--------+--------+--------+-----+--------+
         Total |   4746 |   4520 |    226 |    577 |   3325 |   7 |  678.0 |
       Dungeon |   4546 |   4361 |    185 |    577 |   3168 |   6 |  757.7 |
        Temple |    199 |    159 |     40 |      0 |    157 |   1 |  199.0 |
               +--------+--------+--------+--------+--------+-----+--------+

Top non-repeatable levels by time:
     D:1: 1301 daAuts
     D:2: 1068 daAuts
     D:3: 864 daAuts
     D:4: 683 daAuts
     D:5: 572 daAuts
  Temple: 199 daAuts
     D:6: 55 daAuts
